 Dungeon Crawl Stone Soup version 0.20.1-1-g8b1a95d (webtiles) character file.

97433 letownia2 the Severer (level 15, -21/135 HPs)
             Began as a Deep Dwarf Necromancer on Dec 18, 2017.
             Was an Initiate of Gozag.
             Demolished by Rupert
             ... wielding a +3 great mace of crushing
              (31 damage)
             ... on level 5 of the Lair of Beasts.
             The game lasted 01:52:30 (25459 turns).

letownia2 the Severer (Deep Dwarf Necromancer)     Turns: 25459, Time: 01:52:31

Health: -21/135    AC: 11    Str: 18    XL:     15   Next: 72%
Magic:  8/20       EV: 12    Int: 29    God:    Gozag
Gold:   1899       SH:  0    Dex: 17    Spells: 22/35 levels left

rFire    x . .     SeeInvis .   a - +8 frozen axe "Frostbite" {freezing cloud, *Noise +Fly rC+}
rCold    + + +     Gourm    .   (shield currently unavailable)
rNeg     + . .     Faith    .   x - +6 ice dragon scales of the Modern Curses {rF- rC++ Regen+ Str-3 Int+3 Dex+3}
rPois    .         Spirit   .   (no helmet)
rElec    .         Reflect  .   Y - +0 cloak
rCorr    .         Harm     .   F - +0 pair of gloves "Qexoj" {MP-9 Int+5 Dex+3}
MR       +++..                  (no boots)
Stlth    +.........             k - amulet of rage
Regen    0.0/turn               V - ring of protection from magic
MPRegen  0.2/turn               J - ring of the Cast Vote {+Fly Str+4 Int+4 Dex-2}

@: corroded, non-regenerating
A: damage resistance, heal wounds, negative energy resistance 1, sense
surroundings 2, no regeneration
a: Heal Wounds, Potion Petition, Call Merchant, Bribe Branch, Renounce Religion,
Evoke Berserk Rage, Evoke Flight


You were on level 5 of the Lair of Beasts.
You worshipped Gozag.
Gozag was most pleased with you.
You were not hungry.

You visited 5 branches of the dungeon, and saw 24 of its levels.
You also visited: Labyrinth, Bailey and Ice Cave.

You collected 8020 gold pieces.
You spent 375 gold pieces at shops.
You paid 5746 gold pieces to Gozag.

Inventory:

Hand Weapons
 a - the +8 frozen axe "Frostbite" (weapon) {freezing cloud, *Noise +Fly rC+}
   (You found it in a bailey)

   It has been specially enchanted to freeze those struck by it, causing extra
   injury to most foes and up to half again as much damage against particularly
   susceptible opponents.
   It can also slow down cold-blooded creatures.
   It protects you from cold.
   It lets you fly.
   It may make noises in combat.
Missiles
 f - a throwing net
 n - 20 javelins (quivered)
Armour
 x - the +6 ice dragon scales of the Modern Curses (worn) {rF- rC++ Regen+ Str-3 Int+3 Dex+3}
   (You found it in an ice cave)

   It affects your strength (-3).
   It affects your intelligence (+3).
   It affects your dexterity (+3).
   It makes you vulnerable to fire.
   It greatly protects you from cold.
   It increases your rate of regeneration.
 F - the +0 pair of gloves "Qexoj" (worn) {MP-9 Int+5 Dex+3}
   (You found it in a labyrinth)

   It affects your intelligence (+5).
   It affects your dexterity (+3).
   It affects your magic capacity (-9).
 N - a +0 chain mail of poison resistance
 W - a +0 crystal plate armour
 X - a +3 plate armour of magic resistance
 Y - a +0 cloak (worn)
Magical Staves
 b - an uncursed staff of power
 B - an uncursed staff of air
Jewellery
 k - an amulet of rage (around neck)
 C - an uncursed ring of magical power
 E - a +3 ring of evasion
 H - an uncursed ring of protection from fire
 J - the ring of the Cast Vote (right hand) {+Fly Str+4 Int+4 Dex-2}
   (You found it in a labyrinth)

   [ring of strength]

   It affects your strength (+4).
   It affects your intelligence (+4).
   It affects your dexterity (-2).
   It lets you fly.
 V - a ring of protection from magic (left hand)
Wands
 j - a wand of confusion (15/48)
 s - a wand of paralysis (13/24)
 y - a wand of flame (22/48)
 K - a wand of scattershot (0/9)
 P - a wand of scattershot (6/9)
Scrolls
 d - 2 scrolls of remove curse
 o - 4 scrolls of teleportation
 q - 2 scrolls of recharging
 r - 2 scrolls of magic mapping
 O - a scroll of fear
 Q - 3 scrolls of immolation
Potions
 g - 3 potions of heal wounds
 h - 3 potions of flight
 l - 3 potions of haste
 m - 3 potions of agility
 u - 6 potions of curing
 v - a potion of resistance
 w - a potion of invisibility
 z - 2 potions of brilliance
 A - 2 potions of mutation
 G - 3 potions of cancellation {unknown}
 L - 2 potions of magic
 M - 3 potions of lignification
 T - a potion of berserk rage
 U - 3 potions of experience {unknown}
Miscellaneous
 p - a phial of floods (inert)
Comestibles
 c - 8 bread rations


   Skills:
 - Level 9.0 Fighting
 + Level 17.8 Axes
 - Level 5.3 Armour
 - Level 4.3 Dodging
 - Level 2.4 Stealth
   Level 3.7 Shields
 - Level 10.5 Spellcasting
 - Level 3.1 Charms
 - Level 14.5 Necromancy
 - Level 3.4 Translocations
 - Level 3.3 Poison Magic
 - Level 6.7 Evocations


You had 22 spell levels left.
You knew the following spells:

 Your Spells              Type           Power        Failure   Level  Hunger
a - Pain                  Necr           ####         1%          1    None
b - Blink                 Tloc           N/A          4%          2    None
p - Ignite Poison         Fire/Tmut/Pois ###.....     24%         3    None
s - Swiftness             Chrm/Air       ###.....     10%         2    None
t - Shroud of Golubria    Chrm/Tloc      ####......   4%          2    None
v - Vampiric Draining     Necr           #######...   1%          3    None


Dungeon Overview and Level Annotations

Branches:
Dungeon (14/15)            Temple (1/1) D:7            Lair (5/6) D:10
  Swamp (2/4) Lair:2       Spider (0/4) Lair:2          Orc (2/2) D:9
    Elf (0/3) Orc:2        Vaults (0/5) D:14
  Slime: Lair:5-6

Altars:
Ashenzari
Dithmenos
Elyvilon
Gozag
Hepliaklqana
Kikubaaqudgha
Makhleb
Nemelex Xobeh
Okawaru
Qazlal
Ru
Sif Muna
Trog
Uskayaw
Vehumet
Xom
Yredelemnul
Zin
The Shining One
Beogh

Shops:
D:4 %   D:8 =   D:9 [   D:13 [   D:14 :}(   Orc:1 }   Orc:2 =(?}   Lair:2 *([[

Portals:
Trove: D:10 (give +3 storm dragon scales)

Annotations:
D:7 Doomgape's ghost, novice TrAK
D:12 exclusions: slime creature and 1 more exclusion
D:14 MANUAL ARMOUR
Lair:5 Rupert


Innate Abilities, Weirdness & Mutations

You are resistant to damage.
You can heal yourself by infusing magical energy.
You resist negative energy. (rN+)
You passively map the area around you.
You do not regenerate.


Message History

Casting: Vampiric Draining
Confirm with . or Enter, or press ? or * to list all spells.
Aiming: Vampiric Draining
Press: ? - help, Shift-Dir - straight line, f/p - Rupert
Aim: Rupert, wielding a great mace of crushing and wearing a glowing scale mail (almost dead, berserk, fast, unusually strong, engulfed in water, unable to breathe) Rupert is almost dead.
You feel life coursing into your body.
Rupert hits you with a great mace of crushing!!
* * * LOW HITPOINT WARNING * * *
x2 Your water elemental hits Rupert.
The entropy weaver is engulfed in freezing vapours.
The entropy weaver hits you.
* * * LOW HITPOINT WARNING * * *
The entropy weaver hits you but does no damage.
The entropy weaver hits you!
* * * LOW HITPOINT WARNING * * *
The entropy weaver hits you but does no damage.
Rupert hits you with a great mace of crushing!!
You die...
Your body crumbles into a pile of gold.

.#.........#.......#
... ..............##
....P ....P....PP..#
..P...............##
.PPP#.#,...##.....##
.....,. ,..........#
...... ,,.#..P≈....#
, , *, .....≈≈§aP# ,
.....J@@..# ,*,,*
.P.#P.aE..#
,..#.......# , ,,
..........# ,
P#..P###.##
...P.....# ,,, $
.....P...###
...........# , ,
..P...#...##


You could see Rupert (berserk), an entropy weaver, a soldier ant, a jelly and a
friendly water elemental.

Vanquished Creatures
  An orc warlord (D:9)
  The ghost of Mesmaeker13 the Blocker, a journeyman MiFi of Trog (Lair:5)
  The ghost of letownia2 the Cleaver, a journeyman DDNe of Gozag (D:13)
  Josephine (D:13)
  A minotaur (Lab)
  Harold (D:9)
  4 hydras
  4 vault guards (D:14)
  4 centaur warriors (D:13)
  The ghost of p0werm0de the Cleaver, a novice DDFi of Makhleb (Bailey)
  4 ogre magi (Orc:2)
  21 two-headed ogres
  Urug (D:10)
  2 orc high priests (Orc:1)
  Nergalle (Lair:2)
  3 skeletal warriors (D:13)
  6 unseen horrors
  2 wizards
  4 orc knights
  2 deep elf magi (D:12)
  20 ugly things
  An orc sorcerer (Orc:1)
  2 manticores (D:14)
  5 cyclopes
  5 elephants (Lair:4)
  Maurice (D:8)
  A gargoyle (D:12)
  3 ice statues (IceCv)
  A black mamba (Lair:5)
  A rime drake (Lair:3)
  3 spiny frogs
  6 centaur skeletons
  6 komodo dragons
  A yaktaur (D:13)
  13 trolls
  A queen bee (D:11)
  A hornet (shapeshifter) (D:13)
  A raiju (shapeshifter) (D:14)
  2 hornets
  5 blink frogs (Lair:4)
  6 slime creatures
  7 hippogriffs
  2 shadows
  A spriggan (Swamp:1)
  6 wraiths (D:13)
  2 vampires
  21 yaks
  3 wyverns
  Grum (D:7)
  2 basilisks
  3 vampire mosquitoes
  3 hungry ghosts
  2 steam dragons
  Menkaure (D:7)
  7 wargs
  11 soldier ants
  10 water moccasins
  43 orc warriors
  4 porcupines
  4 sky beasts
  4 black bears
  10 ice beasts
  35 ogres
  3 phantoms
  2 necrophages
  4 wolves (D:7)
  3 boggarts (D:11)
  20 centaurs
  10 crocodiles
  3 big kobolds
  19 bullfrogs
  3 scorpions
  15 killer bees (D:11)
  15 wights
  4 electric eels
  2 vampire bats (D:9)
  4 howler monkeys
  7 crimson imps
  2 bullfrog zombies
  5 centaur zombies
  10 hounds
  21 orc priests
  A gnoll shaman (D:7)
  5 iguanas
  4 jellies
  3 bullfrog skeletons
  28 orc wizards
  18 worker ants
  A hound zombie (D:5)
  A hound skeleton (D:5)
  A worker ant zombie (D:6)
  14 gnolls
  23 adders
  4 shadow imps
  2 oozes
  An adder skeleton (D:9)
  An adder zombie (D:9)
  6 dart slugs
  8 leopard geckos
  110 orcs
  10 bats
  3 bat skeletons (D:9)
  2 bat zombies (D:9)
  5 giant cockroaches
  8 goblins
  12 hobgoblins
  15 jackals
  3 quokkas
  12 ball pythons
  7 frilled lizards
  18 kobolds
  A leopard gecko zombie (D:9)
  A quokka skeleton (D:5)
  A quokka zombie (D:6)
  10 rats
  3 fungi
826 creatures vanquished.

Vanquished Creatures (collateral kills)
  An orc warlord (D:9)
  A jelly (Lair:5)
2 creatures vanquished.

Vanquished Creatures (others)
  An orc (Orc:1)
  8 fungi
  3 plants
12 creatures vanquished.

Grand Total: 840 creatures vanquished

Notes
Turn   | Place    | Note
-------+----------+-------------------------------------------
     0 | D:1      | letownia2 the Deep Dwarf Necromancer began the quest for the Orb.
     0 | D:1      | Reached XP level 1. HP: 15/15 MP: 3/3
   300 | D:3      | Noticed a centaur
   331 | D:2      | Reached XP level 2. HP: 19/22 MP: 3/5
   370 | D:2      | Reached skill level 5 in Necromancy
   623 | D:3      | Found a glowing golden altar of the Shining One.
   755 | D:3      | Reached XP level 3. HP: 14/28 MP: 1/6
   760 | D:3      | Learned a level 3 spell: Vampiric Draining
  1094 | D:4      | Got a fine long sword
  1095 | D:4      | Identified the +8 long sword "Cauqyxuff" {venom, MR- Str+8} (You found it on level 4 of the Dungeon)
  1342 | D:4      | Found a shadowy altar of Dithmenos.
  1381 | D:4      | Reached XP level 4. HP: 29/36 MP: 0/7
  1689 | D:4      | Noticed an orc warrior
  1741 | D:4      | Killed an orc warrior
  1741 | D:4      | Reached skill level 1 in Fighting
  1741 | D:4      | Reached XP level 5. HP: 15/45 MP: 0/9
  1849 | D:4      | Found Taiskis's Food Shop.
  2131 | D:4      | Noticed a two-headed ogre
  2155 | D:4      | Reached XP level 6. HP: 38/52 MP: 6/10
  2229 | D:4      | Reached skill level 1 in Evocations
  2271 | D:4      | Killed a two-headed ogre
  2271 | D:4      | Reached XP level 7. HP: 48/60 MP: 8/13
  2459 | D:4      | Reached XP level 8. HP: 49/67 MP: 4/14
  2563 | D:5      | Entered Level 5 of the Dungeon
  2859 | D:5      | Reached skill level 5 in Evocations
  2882 | D:5      | Reached skill level 1 in Armour
  2908 | D:5      | Found a radiant altar of Vehumet.
  2983 | D:5      | Found a sacrificial altar of Ru.
  3078 | D:5      | Found a basalt altar of Yredelemnul.
  3496 | D:6      | Reached skill level 5 in Spellcasting
  3609 | D:6      | Gained mutation: You passively map the area around you. [Deep Dwarf growth]
  3609 | D:6      | Reached XP level 9. HP: 55/75 MP: 12/17
  3921 | D:6      | Reached skill level 10 in Necromancy
  4719 | D:7      | Found a stormy altar of Qazlal.
  4737 | D:7      | Found a staircase to the Ecumenical Temple.
  4747 | Temple   | Entered the Ecumenical Temple
  4879 | Temple   | Became a worshipper of Gozag Ym Sagoz the Greedy
  4992 | D:7      | Noticed Doomgape's ghost (novice TrAK)
  7480 | D:7      | Noticed Menkaure
  7489 | D:7      | Killed Menkaure
  7796 | D:8      | Noticed Grum
  7806 | D:7      | Reached XP level 10. HP: 78/84 MP: 12/21
  7844 | D:7      | Killed Grum
  8331 | D:8      | Noticed Maurice
  8347 | D:8      | Killed Maurice
  8865 | D:9      | Found a bloodstained altar of Trog.
  8869 | D:9      | Found a sparkling altar of Nemelex Xobeh.
  8873 | D:9      | Found a hazy altar of Hepliaklqana.
  9071 | D:9      | Found a staircase to the Orcish Mines.
  9286 | D:9      | Found a roughly hewn altar of Beogh.
  9499 | D:9      | Found an ancient bone altar of Kikubaaqudgha.
  9730 | D:9      | Noticed a two-headed ogre
  9741 | D:9      | Killed a two-headed ogre
  9741 | D:9      | Reached XP level 11. HP: 83/91 MP: 24/24
  9750 | D:10     | Entered Level 10 of the Dungeon
  9771 | D:10     | Reached skill level 5 in Armour
  9815 | D:10     | Noticed a cyan ugly thing
  9827 | D:10     | Killed a cyan ugly thing
  9945 | D:10     | Found a staircase to the Lair.
  9978 | Lair:1   | Entered Level 1 of the Lair of Beasts
  9978 | Lair:1   | Found a hide-covered altar of Uskayaw.
  9998 | Lair:1   | Reached skill level 1 in Axes
 10046 | Lair:1   | Reached skill level 2 in Axes
 10168 | Lair:1   | Reached skill level 5 in Fighting
 10170 | Lair:1   | Found a labyrinth entrance.
 10195 | Lab      | Entered a labyrinth
 10357 | Lab      | Noticed a minotaur
 10372 | Lab      | Killed a minotaur
 10372 | Lab      | Reached skill level 3 in Axes
 10381 | Lab      | Got a pair of dazzling gloves
 10381 | Lab      | Got a scintillating steel ring
 10383 | Lab      | Identified the ring of the Cast Vote {+Fly Str+4 Int+4 Dex-2} (You found it in a labyrinth)
 10390 | Lab      | Identified the cursed +0 pair of gloves "Qexoj" {MP-9 Int+5 Dex+3} (You found it in a labyrinth)
 10400 | Lab      | Learned a level 2 spell: Blink
 10403 | Lab      | Learned a level 2 spell: Shroud of Golubria
 10407 | Lab      | Learned a level 3 spell: Ignite Poison
 10408 | Lab      | Got a twisted robe
 10419 | Lab      | Identified the +1 robe of the Worm {Regen+} (You found it in a labyrinth)
 10622 | D:8      | Bought an uncursed ring of protection from cold for 375 gold pieces
 10726 | Lair:2   | Found a staircase to the Swamp.
 10730 | Lair:2   | Noticed a five-headed hydra
 10738 | Lair:2   | Killed a five-headed hydra
 10772 | Lair:2   | Noticed an eight-headed hydra
 10860 | Lair:2   | Found a frozen archway.
 10868 | IceCv    | Entered an ice cave
 11058 | IceCv    | Noticed a white ugly thing
 11087 | IceCv    | Killed a white ugly thing
 11087 | IceCv    | Reached skill level 1 in Shields
 11087 | IceCv    | Reached skill level 1 in Translocations
 11233 | IceCv    | Noticed a white ugly thing
 11325 | IceCv    | Killed a white ugly thing
 11364 | IceCv    | Got ichor-stained ice dragon scales
 11413 | IceCv    | Identified the +6 ice dragon scales of the Modern Curses {rF- rC++ Regen+ Str-3 Int+3 Dex+3} (You found it in an ice cave)
 11438 | Lair:2   | Found a hole to the Spider Nest.
 11936 | Lair:2   | Reached skill level 1 in Poison Magic
 11944 | Lair:2   | Reached XP level 12. HP: 87/103 MP: 6/25
 12141 | Orc:1    | Entered Level 1 of the Orcish Mines
 12145 | Orc:1    | Noticed an orc warlord
 12147 | Orc:1    | Noticed Harold
 12254 | D:10     | Noticed Urug
 12271 | D:10     | Killed Urug
 12705 | D:10     | Found a portal to a secret trove of treasure.
 12906 | D:11     | Reached skill level 1 in Charms
 13324 | D:11     | Reached skill level 4 in Axes
 13890 | D:12     | Noticed a two-headed ogre
 13904 | D:12     | Killed a two-headed ogre
 13904 | D:12     | Reached skill level 5 in Axes
 14411 | D:12     | Noticed a seven-headed hydra
 14652 | D:12     | Learned a level 2 spell: Swiftness
 14748 | D:12     | Reached skill level 6 in Axes
 14804 | D:12     | Noticed a two-headed ogre
 14814 | D:12     | Killed a two-headed ogre
 14814 | D:12     | Reached XP level 13. HP: 95/114 MP: 11/26
 15183 | D:9      | Killed Harold
 15649 | Lair:5   | Noticed Rupert
 16151 | Lair:4   | Reached skill level 7 in Axes
 16507 | Lair:4   | Reached skill level 10 in Spellcasting
 17116 | Lair:2   | Noticed Nergalle
 17127 | Lair:2   | Killed Nergalle
 17167 | Lair:2   | Reached skill level 8 in Axes
 17256 | Swamp:1  | Entered Level 1 of the Swamp
 17889 | D:9      | Killed an orc warlord
 18186 | Orc:1    | Found Owaycweng's Quality Used Wands.
 18206 | Orc:1    | Noticed an orc warlord
 18269 | D:9      | Killed an orc warlord
 18390 | Orc:1    | Reached skill level 9 in Axes
 18535 | Orc:2    | Entered Level 2 of the Orcish Mines
 18934 | Orc:1    | Gained mutation: You resist negative energy. (rN+) [Deep Dwarf growth]
 18934 | Orc:1    | Reached XP level 14. HP: 124/128 MP: 12/28
 18977 | Orc:1    | Reached skill level 10 in Axes
 19202 | Orc:2    | Found a staircase to the Elven Halls.
 19688 | Orc:1    | Reached skill level 11 in Axes
 20076 | D:13     | Reached skill level 12 in Axes
 20270 | D:13     | Found Memeylu's Armour Shoppe.
 20290 | D:13     | Noticed Josephine
 20299 | D:13     | Killed Josephine
 20679 | D:13     | Noticed letownia2's ghost (journeyman DDNe)
 20718 | D:13     | Killed letownia2's ghost
 20740 | D:13     | Reached skill level 13 in Axes
 20913 | D:13     | Got an uncursed polished quarterstaff {distort}
 20930 | D:13     | Reached skill level 14 in Axes
 21806 | D:14     | Found a flagged portal.
 21889 | Bailey   | Entered a bailey
 21974 | Bailey   | Noticed p0werm0de's ghost (novice DDFi)
 21998 | Bailey   | Killed p0werm0de's ghost
 22548 | Bailey   | Reached skill level 15 in Axes
 22795 | D:14     | Found Liulet's Gadget Boutique.
 22848 | D:14     | Reached XP level 15. HP: 83/134 MP: 11/29
 22936 | D:14     | Found Ciher's Antique Weapon Emporium.
 23047 | D:14     | Found Jeumaett's Book Shop.
 23213 | D:14     | Found a glowing golden altar of the Shining One.
 23323 | D:14     | Found a gate to the Vaults.
 23356 | D:14     | Reached skill level 16 in Axes
 24236 | Orc:2    | Reached skill level 17 in Axes
 24817 | Orc:2    | Found Cesim's Jewellery Shop.
 24817 | Orc:2    | Found Xeicas's Magic Scroll Shoppe.
 24818 | Orc:2    | Found Yjybb's Antique Weapon Shoppe.
 24818 | Orc:2    | Found Isoudann's Gadget Boutique.
 25200 | Lair:5   | Noticed Mesmaeker13's ghost (journeyman MiFi)
 25213 | Lair:5   | Killed Mesmaeker13's ghost
 25459 | Lair:5   | Demolished by Rupert

Skill      XL: |  1  2  3  4  5  6  7  8  9 10 11 12 13 14 15 |
---------------+----------------------------------------------+-----
Spellcasting   | 2 3 4 5 7 9 10 | 10.5
Necromancy     | 5 6 8 9 10 11 12 14 | 14.5
Fighting       | 1 2 3 5 7 9 |  9.0
Evocations     | 4 5 6 |  6.7
Armour         | 2 4 5 |  5.3
Dodging        | 4 |  4.3
Axes           | 3 6 9 15 17 | 17.8
Shields        | 3 |  3.7
Translocations | 3 |  3.4
Poison Magic   | 1 3 |  3.3
Charms         | 3 |  3.1
Stealth        | |  2.4

Action                   |  1- 3 |  4- 6 |  7- 9 | 10-12 | 13-15 || total
-------------------------+-------+-------+-------+-------+-------++-------
Melee: Unarmed           |     3 |       |       |       |       ||     3
       Long sword        |     5 |    12 |   166 |   560 |   304 ||  1047
       Hand axe          |       |       |       |       |   373 ||   373
       Broad axe         |       |       |       |       |    42 ||    42
       Executioner's axe |       |       |       |       |   173 ||   173
 Fire: Arbalest          |       |       |       |       |    40 ||    40
 Cast: Pain              |    44 |     7 |    82 |     6 |     8 ||   147
       Vampiric Draining |     5 |    15 |    84 |   191 |   400 ||   695
       Blink             |       |       |       |     2 |    28 ||    30
       Shroud of Golubri |       |       |       |    29 |    98 ||   127
Invok: Call Merchant     |       |       |       |     2 |     4 ||     6
 Abil: Evoke Berserk Rag |       |     1 |       |     3 |     4 ||     8
       Evoke Flight      |       |       |       |       |     7 ||     7
Evoke: Wand              |       |       |       |    72 |    44 ||   116
       Phial of floods   |       |       |       |       |     2 ||     2
  Use: Scroll            |       |     1 |     9 |    19 |    12 ||    41
       Potion            |       |       |       |     8 |     2 ||    10
 Stab: Sleeping          |       |       |     4 |       |       ||     4
       Distracted        |       |       |     1 |     4 |     6 ||    11
       Paralysed         |       |       |       |    27 |     9 ||    36
       Confused          |       |       |       |     6 |     7 ||    13
       Invisible         |       |       |       |     2 |       ||     2
  Eat: Chunk             |     3 |     4 |    13 |       |       ||    20
       Meat ration       |       |       |     2 |     2 |     2 ||     6
       Royal jelly       |       |       |       |     8 |     5 ||    13
       Fruit             |       |       |       |     1 |       ||     1
       Bread ration      |       |       |       |     1 |     4 ||     5
Armor: Robe              |     4 |       |       |       |       ||     4
       Ring mail         |       |     3 |    13 |       |       ||    16
       Scale mail        |       |       |    10 |       |       ||    10
       Steam dragon scal |       |       |    31 |       |       ||    31
       Chain mail        |       |       |    15 |   181 |       ||   196
       Ice dragon scales |       |       |       |   274 |   581 ||   855
       Crystal plate arm |       |       |       |       |    30 ||    30
Dodge: Dodged            |    16 |     7 |   179 |   501 |   596 ||  1299
Block: Buckler           |       |       |     1 |   142 |   244 ||   387
       Rpst.: Long sword |     1 |     2 |    54 |   143 |    82 ||   282
